 Dungeon Crawl Stone Soup version 0.20.0-8-g6b59dc7 (webtiles) character file.

41 Kalappa the Slasher (level 3, -2/30 HPs)
             Began as a Ghoul Gladiator on June 1, 2017.
             Slain by a gnoll
             ... wielding a +0 whip
              (3 damage)
             ... on level 3 of the Dungeon.
             The game lasted 00:09:37 (869 turns).

Kalappa the Slasher (Ghoul Gladiator)                Turns: 869, Time: 00:09:37

Health: -2/30      AC:  9    Str: 17 (18) XL:     3   Next: 52%
Magic:  0/2        EV:  7    Int:  1 (3)  God:
Gold:   63         SH:  0    Dex: 10      Spells: 2/2 levels left

rFire    . . .     SeeInvis .   a - +0 long sword
rCold    + . .     Gourm    .   (no shield)
rNeg     + + +     Faith    .   h - +0 chain mail
rPois    ∞         Spirit   +   c - +0 helmet
rElec    .         Reflect  .   (no cloak)
rCorr    .         Harm     .   (no gloves)
MR       .....                  (no boots)
Stlth    ..........             i - amulet of guardian spirit
Regen    0.0/turn               (no ring)
MPRegen  0.1/turn               (no ring)

@: rotting
A: rotting body, claws 1, carnivore 3, cold resistance 1, negative energy
resistance 3, inhibited regeneration, torment resistance, unbreathing
a: no special abilities


You were on level 3 of the Dungeon.
You were not hungry.

You visited 1 branch of the dungeon, and saw 3 of its levels.

You collected 63 gold pieces.

Inventory:

Hand Weapons
 a - a +0 long sword (weapon)
 e - a cursed +0 club
Missiles
 d - 3 throwing nets (quivered)
Armour
 b - a +0 leather armour
 c - a +0 helmet (worn)
 h - a +0 chain mail (worn)
Jewellery
 i - an amulet of guardian spirit (around neck)
Scrolls
 g - a scroll of identify {unknown}
Comestibles
 f - a meat ration


   Skills:
 + Level 2.7 Fighting
 + Level 3.3 Long Blades
 + Level 1.7 Throwing
 + Level 1.0 Armour
 + Level 2.9 Dodging


You had 2 spell levels left.
You didn't know any spells.

Dungeon Overview and Level Annotations

Branches:
Dungeon (3/15)

Altars:

Annotations:
D:1 1 exclusion


Innate Abilities, Weirdness & Mutations

Your body is rotting away.
You thrive on raw meat.
You are immune to poison.
You have sharp fingernails.
You are carnivorous and can eat meat at any time.
Your flesh is cold resistant. (rC+)
You are immune to negative energy. (rN+++)
You do not regenerate when monsters are visible.
You are immune to unholy pain and torment.
You can survive without breathing.


Message History

* * * LOW HITPOINT WARNING * * *
The gnoll barely misses you.
You riposte.
You barely miss the gnoll. The goblin hits you but does no damage.
You closely miss the goblin.
The goblin is heavily wounded.
The gnoll hits you but does no damage. x3; The goblin barely misses you.
The gnoll hits you with a whip.
* * * LOW HITPOINT WARNING * * *
You closely miss the goblin.
The goblin is moderately wounded.
The gnoll hits you but does no damage. The gnoll barely misses you.
The goblin hits you but does no damage. The gnoll closely misses you.
You hit the goblin.
You kill the goblin!
Your Armour skill increases to level 1!
The gnoll hits you but does no damage. The gnoll barely misses you.
You riposte.
You barely miss the gnoll. The gnoll closely misses you. The gnoll misses you.
The gnoll hits you with a whip.
You die...

## .... #.# ....
..# #..# # #.#
#..# ..
.>#######..## .#
#..^..##... ..#
#.#...#.## ...#
#......gg#####..#
#<....#.@.).....#
#.#.#<###g######.#
..##.#.# #.# ...#
#.#.# #.# #...#
#.#.# #.# ...#
#.#.# #.# ###
#.#.# ... .. ...


You could see 3 gnolls.

Vanquished Creatures
  An adder (D:2)
  A worm (D:2)
  A dart slug (D:1)
  3 orcs (D:3)
  2 bats (D:1)
  3 giant cockroaches
  3 goblins
  3 hobgoblins
  A frilled lizard (D:1)
  A kobold (D:2)
  5 rats
24 creatures vanquished.

Notes
Turn   | Place    | Note
-------+----------+-------------------------------------------
     0 | D:1      | Kalappa the Ghoul Gladiator began the quest for the Orb.
     0 | D:1      | Reached XP level 1. HP: 17/17 MP: 0/0
   239 | D:1      | Reached XP level 2. HP: 22/25 MP: 1/1
   397 | D:1      | Reached skill level 3 in Long Blades
   761 | D:2      | Reached XP level 3. HP: 30/30 MP: 2/2
   866 | D:3      | HP: 1/30 [gnoll/whip (1)]
   868 | D:3      | Reached skill level 1 in Armour
   869 | D:3      | Slain by a gnoll

Skill      XL: |  1  2  3 |
---------------+----------+-----
Long Blades    | 3 |  3.3
Armour         | 1 |  1.0
Fighting       | |  2.7
Throwing       | |  1.7
Dodging        | |  2.9

Action                   || total
-------------------------++-------
Melee: Long sword        ||    79
  Use: Scroll            ||     2
       Potion            ||     1
  Eat: Chunk             ||     5
Armor: Leather armour    ||    13
       Chain mail        ||    21
Dodge: Dodged            ||    64
       Rpst.: Long sword ||    18
